 Dungeon Crawl Stone Soup version 0.30-a0-778-g2ef04afb54 (webtiles) character file.

Game seed: 9435999218800678375

2996 mistaj the Cleaver (level 9, -23/81 HPs)
             Began as a Hill Orc Fighter on Feb 17, 2023.
             Was a Follower of Okawaru.
             Killed from afar by Erica (30 damage)
             ... with a bolt of poison
             ... on level 8 of the Dungeon.
             The game lasted 00:12:23 (8767 turns).

mistaj the Cleaver (Hill Orc Fighter)               Turns: 8767, Time: 00:12:24

Health: -23/81     AC: 11    Str: 23    XL:     9   Next: 83%
Magic:  9/9        EV: 10    Int:  8    God:    Okawaru [*.....]
Gold:   467        SH:  0    Dex: 10    Spells: 8/8 levels left

rFire   + . .      SeeInvis .    a - +0 war axe (freeze)
rCold   . . .      Faith    .    y - +0 tower shield
rNeg    . . .      Spirit   .    B - +0 chain mail
rPois   .          Reflect  .    (no helmet)
rElec   .          Harm     .    (no cloak)
rCorr   .          Rampage  .    x - +0 pair of gloves {infuse}
Will    .....                    e - +0 pair of boots Stlth
                                 g - amulet of magic regeneration
HPRegen 0.33/turn                i - ring of protection from fire
MPRegen 0.51/turn                t - +5 ring of evasion

@: confused, lethally poisoned (-23 -> -35), slowed, very slow
A: no striking features
a: Renounce Religion, Heroism


You were on level 8 of the Dungeon.
You worshipped Okawaru.
Okawaru was aware of your devotion.
You visited 2 branches of the dungeon, and saw 9 of its levels.

You collected 467 gold pieces.

Inventory:

Hand Weapons
 a - a +0 war axe of freezing (weapon)
Missiles
 v - 5 javelins (quivered)
Armour
 e - a +0 pair of boots (worn)
 r - a +2 pair of gloves
 x - a +0 pair of gloves of infusion (worn)
 y - a +0 tower shield (worn)
 B - a +0 chain mail (worn)
Jewellery
 g - an amulet of magic regeneration (around neck)
 i - a ring of protection from fire (left hand)
 t - a +5 ring of evasion (right hand)
Wands
 k - a wand of quicksilver (10)
 s - a wand of flame (27)
 A - a wand of digging (3)
Scrolls
 h - 2 scrolls of fear
 l - 3 scrolls of teleportation
 o - 2 scrolls of fog
 u - a scroll of blinking
 C - 2 scrolls of identify
Potions
 b - a potion of berserk rage
 c - 2 potions of magic
 d - 3 potions of might
 f - 2 potions of mutation
 j - a potion of curing
 m - a potion of resistance {unknown}
 n - 2 potions of attraction
 p - a potion of haste
 q - 2 potions of invisibility
 w - 3 potions of lignification
 z - 2 potions of ambrosia
 D - a potion of flight {unknown}


   Skills:
 + Level 8.0 Fighting
 * Level 11.3 Axes
 - Level 3.2 Armour
 * Level 9.9 Shields


You had 8 spell levels left.
You didn't know any spells.
Your spell library contained the following spells:

 Spells                   Type           Power      Damage    Failure   Level
 Magic Dart               Conj           0%         1d3       100%        1
 Searing Ray              Conj           0%         2d4       100%        2
 Fulminant Prism          Conj/Hex       0%         3d5       100%        4


Dungeon Overview and Level Annotations

Branches:
Dungeon (8/15)             Temple (1/1) D:6
   Lair: D:8-11

Altars:
Ashenzari
Cheibriados
Elyvilon
Fedhas
Gozag
Kikubaaqudgha
Makhleb
Nemelex Xobeh
Okawaru
Qazlal
Sif Muna
Uskayaw
Vehumet
Wu Jian
Xom
The Shining One

Shops:
D:7 (

Annotations:
D:8 2 transporters, Dodorex895's ghost, novice MfGl; Erica


Message History

You feel very sick. Erica casts a spell at you.
You resist with significant effort.
You barely miss Erica.
Erica is heavily wounded.
You feel less confused.
You feel very sick. Erica hits you but does no damage. Erica barely misses you.
You feel very sick.
Erica points at you and mumbles some strange words.
You resist with significant effort. Erica gestures at you while chanting.
You resist with significant effort.
You feel sick.
You slash Erica! You freeze Erica.
Erica is severely wounded.
You feel sick. You block Erica's attack. x2
You hit Erica. You freeze Erica.
Erica is almost dead.
You feel sick. Erica hits you but does no damage. You block Erica's attack.
You closely miss Erica.
Erica is almost dead.
You feel sick.
You are no longer poisoned.
You block Erica's attack. Erica casts a spell at you.
The lance of force hits you!!
* * * LOW HITPOINT WARNING * * *
You hit Erica. You freeze Erica.
Erica is almost dead.
Erica points at you and mumbles some strange words.
You are confused.
Erica gestures at you while chanting.
You are more confused.
You bump into the stone wall.
Erica closely misses you.
You bump into the stone wall.
Erica hits you but does no damage. Erica casts a spell at you.
The bolt of poison hits you!!
You are lethally poisoned!
You die...

#..# .. #..####### . #
#. #..#.....###. #. #.
#<.#.........
##.##.#####............
..........)...........
#.#.#............<....
#.#....###.###........
#...@@# #######....##.
########..###.#
#.###.####.
..........##.. #.!.##.#
#. ########..##.#.#.#.
#.####.
#..##...#...##.##...
#..#!#.#.#.#y#.#..##
##..#y.#...#.y#...##
#..©#yy#y#.#.y#©.##
#...#y.#...#..#.##


You could see Erica and a killer bee (wandering).

Vanquished Creatures
  A troll (D:7)
  Prince Ribbit (D:5)
  Sigmund (D:3)
  A water moccasin (D:5)
  An orc warrior (D:6)
  An ice beast (D:5)
  2 sky beasts
  A centaur (D:6)
  A phantom (D:5)
  A kobold brigand (D:6)
  A gnoll sergeant (D:7)
  5 scorpions
  3 necrophages
  3 killer bees (D:7)
  An electric eel (D:6)
  2 howler monkeys (D:5)
  5 hounds
  4 orc priests
  2 jellies
  2 gnoll boudas
  Ijyb (D:3)
  Natasha (thrice) (D:3)
  4 iguanas
  6 adders
  16 gnolls
  4 shadow imps
  A white imp (D:7)
  2 ufetubi
  4 dart slugs
  20 orcs
  10 endoplasms
  5 giant cockroaches
  10 goblins
  12 hobgoblins
  2 jackals (D:1)
  3 quokkas (D:5)
  9 ball pythons
  5 bats
  A frilled lizard (D:1)
  7 kobolds
  7 rats
171 creatures vanquished.

Vanquished Creatures (others)
  7 demonic plants (D:1)
  5 fungi (D:1)
  7 plants (D:1)
  2 withered plants (D:1)
21 creatures vanquished.

Grand Total: 192 creatures vanquished

Notes
Turn   | Place    | Note
-------+----------+-------------------------------------------
     0 | D:1      | mistaj the Hill Orc Fighter began the quest for the Orb.
     0 | D:1      | Reached XP level 1. HP: 19/19 MP: 1/1
    64 | D:1      | Reached skill level 3 in Axes
   101 | D:1      | Reached XP level 2. HP: 27/27 MP: 2/2
   425 | D:1      | Reached XP level 3. HP: 33/33 MP: 3/3
   599 | D:1      | Found a faded altar of an unknown god.
   806 | D:1      | Reached skill level 4 in Axes
   806 | D:1      | Reached XP level 4. HP: 40/40 MP: 4/4
  1423 | D:3      | Noticed Ijyb
  1431 | D:3      | Killed Ijyb
  1432 | D:3      | Reached XP level 5. HP: 36/47 MP: 5/5
  1534 | D:3      | Noticed Natasha
  1560 | D:3      | Killed Natasha
  1935 | D:3      | Noticed Natasha
  1956 | D:3      | Reached skill level 5 in Axes
  1960 | D:3      | Killed Natasha
  2000 | D:3      | Noticed Natasha
  2009 | D:3      | Killed Natasha
  2010 | D:3      | Reached skill level 5 in Shields
  2147 | D:3      | Noticed Sigmund
  2163 | D:3      | Killed Sigmund
  2164 | D:3      | Reached skill level 5 in Fighting
  2164 | D:3      | Reached skill level 6 in Axes
  2164 | D:3      | Reached XP level 6. HP: 55/56 MP: 6/6
  2675 | D:4      | Reached XP level 7. HP: 45/61 MP: 7/7
  2914 | D:4      | Found an ancient bone altar of Kikubaaqudgha.
  3047 | D:4      | Reached skill level 7 in Axes
  3767 | D:5      | Entered Level 5 of the Dungeon
  3859 | D:5      | Noticed Prince Ribbit
  3921 | D:5      | Killed Prince Ribbit
  3922 | D:5      | Reached skill level 8 in Axes
  3922 | D:5      | Reached XP level 8. HP: 43/70 MP: 8/8
  4049 | D:5      | Reached skill level 9 in Axes
  4251 | D:5      | Found a shimmering altar of Xom.
  4985 | D:6      | Reached XP level 9. HP: 75/78 MP: 9/9
  5169 | D:6      | Reached skill level 10 in Axes
  5170 | D:6      | Found a staircase to the Ecumenical Temple.
  5317 | Temple   | Entered the Ecumenical Temple
  5334 | Temple   | Became a worshipper of Warmaster Okawaru
  6476 | D:7      | Reached * piety under Okawaru
  7316 | D:7      | Found a blossoming altar of Fedhas.
  7464 | D:7      | Noticed a troll
  7477 | D:7      | Killed a troll
  7478 | D:7      | Reached skill level 11 in Axes
  7991 | D:7      | Found Yphumek's Antique Weapon Emporium.
  8638 | D:8      | Noticed a hornet
  8732 | D:8      | Noticed Dodorex895's ghost (novice MfGl)
  8734 | D:8      | Found a transporter.
  8738 | D:8      | Found a transporter.
  8746 | D:8      | Noticed Erica
  8767 | D:8      | Killed from afar by Erica

Illustrated notes

Levels and vault maps discovered:
D:1:      ncdulo_lavacross, layout_basic, shapermc_ecumenical_altar_gd,
          minmay_pentomino_u4
D:2:      layout_basic, hangedman_abyss_or_decor_lesser_grid
D:3:      layout_loops_ring, lightli_corner_chamber, uniq_ijyb, uniq_natasha,
          uniq_sigmund
D:4:      layout_loops_ring, kiku_gazebo_pond_becter
D:5:      minmay_diamond_boxcup, layout_loops_ring,
          mainiacjoe_overflow_surrounded_room, uniq_prince_ribbit1
D:6:      layout_loops_ring, minmay_temple_entry_antechambers, corexii_shack,
          grunt_decor_one_mirror, minivault_5, kennysheep_decorative_pillar,
          hangedman_glass_teeth
D:7:      layout_basic, amcnicky_altar_gilded, serial_shops, shop_fountains
D:8:      layout_loops_ring, gammafunk_ghost_hive, roderic_lattice_a, uniq_grum,
          uniq_erica
Temple:   nicolae_temple_ecumenical_triangle

Skill      XL: |  1  2  3  4  5  6  7  8  9 |
---------------+----------------------------+-----
Axes           | 3 4 6 8 9 11 | 11.3
Fighting       | 4 5 6 8 |  8.0
Shields        | 4 5 7 8 9 |  9.9
Armour         | |  3.2

Action                     |  1- 3 |  4- 6 |  7- 9 || total
---------------------------+-------+-------+-------++-------
  Melee: War axe           |    79 |   166 |   365 ||   610
    Use: Scroll            |       |     4 |    13 ||    17
 Armour: Scale mail        |    54 |    56 |    17 ||   127
         Chain mail        |       |       |   145 ||   145
  Dodge: Dodged            |    34 |    79 |   130 ||   243
  Block: Buckler           |     9 |       |       ||     9
         Kite shield       |     7 |    71 |     9 ||    87
         Tower shield      |       |       |   305 ||   305

Table legend: (Time is in decaauts)
 A = Elapsed time spent in this place.
 B = Non-inter-level travel time spent in this place.
 C = Inter-level travel time spent in this place.
 D = Time resting spent in this place.
 E = Time spent auto-exploring this place.
 F = Levels seen in this place.
 G = Mean time per level.
                   A        B        C        D        E       F      G
               +--------+--------+--------+--------+--------+-----+--------+
         Total |   9017 |   8481 |    536 |   3050 |   3480 |   9 | 1001.9 |
       Dungeon |   8986 |   8462 |    524 |   3050 |   3480 |   8 | 1123.2 |
        Temple |     30 |     18 |     12 |      0 |      0 |   1 |   30.0 |
               +--------+--------+--------+--------+--------+-----+--------+

Top non-repeatable levels by time:
     D:7: 1936 daAuts
     D:6: 1778 daAuts
     D:3: 1256 daAuts
     D:4: 1138 daAuts
     D:5: 1102 daAuts
     D:1: 890 daAuts
     D:2: 622 daAuts
     D:8: 261 daAuts
  Temple: 30 daAuts
